 Dungeon Crawl Stone Soup version 0.30-a0-4-ga7cffc901d (webtiles) character file.

Game seed: 15271246340290494938

406 SensoryNuts the Chopper (level 6, -4/55 HPs)
             Began as a Hill Orc Fighter on Aug 21, 2022.
             Slain by an orc warrior
             ... wielding a +0 mace
              (7 damage)
             ... on level 4 of the Dungeon.
             The game lasted 00:03:57 (4195 turns).

SensoryNuts the Chopper (Hill Orc Fighter)          Turns: 4195, Time: 00:03:57

Health: -4/55      AC:  8    Str: 19 (21) XL:     6   Next: 87%
Magic:  6/6        EV:  9    Int:  5 (8)  God:
Gold:   199        SH:  4    Dex:  9 (10) Spells: 5/5 levels left

rFire   . . .      SeeInvis .    a - +2 war axe
rCold   . . .      Faith    .    c - +0 buckler
rNeg    . . .      Spirit   .    b - +0 scale mail
rPois   +          Reflect  .    (no helmet)
rElec   .          Harm     .    k - +0 cloak
rCorr   .          Rampage  .    (no gloves)
Will    .....                    (no boots)
Stlth   ..........               (no amulet)
HPRegen 0.18/turn                h - ring of poison resistance
MPRegen 0.10/turn                (no ring)

@: no status effects
A: no striking features
a: no special abilities


You were on level 4 of the Dungeon.
You visited 1 branch of the dungeon, and saw 4 of its levels.

You collected 199 gold pieces.

Inventory:

Hand Weapons
 a - a +2 war axe (weapon)
Armour
 b - a +0 scale mail (worn)
 c - a +0 buckler (worn)
 k - a +0 cloak (worn)
Jewellery
 h - a ring of poison resistance (left hand)
Scrolls
 f - a scroll of vulnerability
 n - a scroll of fear
 p - 7 scrolls of teleportation
Potions
 d - a potion of might
 e - 2 potions of attraction
 g - a potion of cancellation
 j - a potion of haste {unknown}
 l - a potion of lignification {unknown}


   Skills:
 + Level 4.8 Fighting
 + Level 6.7 Axes
 + Level 4.8 Armour
 + Level 0.4 Dodging
 + Level 0.5 Stealth
 + Level 4.0 Shields


You had 5 spell levels left.
You didn't know any spells.
Your spell library contained the following spells:

 Spells                   Type           Power      Damage    Failure   Level
 Beastly Appendage        Tmut           0%         N/A       89%         1
 Wereblood                Tmut           0%         N/A       96%         2
 Confusing Touch          Hex            0%         N/A       99%         3
 Portal Projectile        Hex/Tloc       0%         N/A       99%         3
 Spider Form              Tmut/Pois      0%         N/A       99%         3
 Tukima's Dance           Hex            0%         N/A       99%         3
 Blade Hands              Tmut           0%         N/A       100%        5
 Yara's Violent Unravell  Hex/Tmut       0%         3d3       100%        5
 Enfeeble                 Hex            0%         N/A       100%        7


Dungeon Overview and Level Annotations

Branches:
Dungeon (4/15)
 Temple: D:4-7

Altars:
Vehumet


Message History

You barely miss the orc warrior.
The orc warrior is lightly wounded.
You slash the gnoll!
You kill the gnoll!
A ball python comes into view.
The orc warrior hits you with a +0 mace!
The ball python bites you but does no damage.
The ball python grabs you. The ball python constricts you.
You barely miss the orc warrior.
The orc warrior is lightly wounded.
You hit the ball python.
You kill the ball python!
The orc warrior closely misses you. x2
You hit the orc warrior.
The orc warrior is lightly wounded.
You barely miss the ball python.
The ball python bites you but does no damage.
The ball python barely misses you. The orc warrior barely misses you.
You closely miss the orc warrior.
The orc warrior is lightly wounded.
You slash the ball python!
You kill the ball python!
The orc warrior hits you with a +0 mace!
* * * LOW HITPOINT WARNING * * *
It was a potion of cancellation.
Your magical effects are unravelling.
You feel magically purged.
You feel a little less mighty now.
The orc warrior hits you with a +0 mace!
* * * LOW HITPOINT WARNING * * *
It was a potion of degeneration.
There was something very wrong with that liquid.
You feel weakened.
You feel dopey.
You feel clumsy.
The orc warrior hits you with a +0 mace.
* * * LOW HITPOINT WARNING * * *
You closely miss the orc warrior.
The orc warrior is lightly wounded.
A giant cockroach comes into view.
The orc warrior hits you with a +0 mace!
You die...

#..# ##.#.....# #......[.' ..###
##.#..#..### #........# ##..#
##.#..#.##..# #######...
#..#####.#..#.##..### #.##
###..##.#..#.#####..# #...
.#..##.#..#.##..#..### .....
)###..#..#.##B..###).# ##+######
..#.....#.## #)o#..### #........
..###..#.## #@###..###........
#..#..#.## #..#..###.....>...
..)##..## ##.###..#.........
.#..'.## #..'...#.........
####### #######.##.####.###
#.......##.# ##.###
###############......###.# #.....
...........##....###.....###.....
.#.........##....#.#.....##......


You could see an orc warrior and a giant cockroach (wandering).

Vanquished Creatures
  A centaur (D:4)
  A scorpion (D:4)
  2 iguanas (D:4)
  2 orc wizards (D:4)
  4 gnolls
  4 adders
  3 worms (D:3)
  2 dart slugs
  2 orcs
  2 endoplasms (D:3)
  2 giant cockroaches
  5 goblins
  6 hobgoblins
  8 jackals
  3 quokkas (D:1)
  8 ball pythons
  10 bats
  3 frilled lizards (D:1)
  10 kobolds
  4 rats
82 creatures vanquished.

Notes
Turn   | Place    | Note
-------+----------+-------------------------------------------
     0 | D:1      | SensoryNuts the Hill Orc Fighter began the quest for the
                  | Orb.
     0 | D:1      | Reached XP level 1. HP: 19/19 MP: 1/1
   234 | D:1      | Reached XP level 2. HP: 18/27 MP: 2/2
   499 | D:1      | Reached skill level 3 in Axes
   726 | D:1      | Reached XP level 3. HP: 33/33 MP: 3/3
  1564 | D:2      | Reached XP level 4. HP: 40/40 MP: 4/4
  1799 | D:2      | Reached skill level 4 in Axes
  2506 | D:3      | Found a faded altar of an unknown god.
  2891 | D:4      | Noticed a centaur
  2900 | D:4      | HP: 2/40 [centaur/arrow (11)]
  2916 | D:3      | Reached skill level 5 in Axes
  2916 | D:3      | Reached XP level 5. HP: 22/46 MP: 5/5
  3084 | D:4      | Killed a centaur
  3329 | D:4      | Reached skill level 6 in Axes
  3329 | D:4      | Reached XP level 6. HP: 29/53 MP: 6/6
  3539 | D:4      | Found a radiant altar of Vehumet.
  4181 | D:4      | Noticed an orc warrior
  4195 | D:4      | Slain by an orc warrior

Illustrated notes

Levels and vault maps discovered:
D:1:      evilmike_arrival_crescent, layout_loops_cross
D:2:      layout_loops_ring
D:3:      layout_loops_ring, ebering_ecumenical_altar_abandoned
D:4:      minmay_razor_zed, layout_basic, mainiacjoe_overflow_surrounded_room,
          minmay_a_box_with_orc_wizards_in_it

Skill      XL: |  1  2  3  4  5  6 |
---------------+-------------------+-----
Axes           | 3 5 6 |  6.7
Fighting       | 4 |  4.8
Armour         | 4 |  4.8
Shields        | 4 |  4.0
Dodging        | |  0.4
Stealth        | |  0.5

Action                   |  1- 3 |  4- 6 || total
-------------------------+-------+-------++-------
Melee: War axe           |   111 |   127 ||   238
  Use: Scroll            |       |     8 ||     8
       Potion            |       |    12 ||    12
 Stab: Invisible         |       |     1 ||     1
Armor: Scale mail        |    61 |    59 ||   120
Dodge: Dodged            |    56 |    64 ||   120
Block: Buckler           |    30 |    32 ||    62

Table legend: (Time is in decaauts)
 A = Elapsed time spent in this place.
 B = Non-inter-level travel time spent in this place.
 C = Inter-level travel time spent in this place.
 D = Time resting spent in this place.
 E = Time spent auto-exploring this place.
 F = Levels seen in this place.
 G = Mean time per level.
                   A        B        C        D        E       F      G
               +--------+--------+--------+--------+--------+-----+--------+
         Total |   4273 |   4235 |     38 |      0 |   3592 |   4 | 1068.2 |
       Dungeon |   4273 |   4235 |     38 |      0 |   3592 |   4 | 1068.2 |
               +--------+--------+--------+--------+--------+-----+--------+

Top non-repeatable levels by time:
     D:4: 1154 daAuts
     D:1: 1099 daAuts
     D:2: 1018 daAuts
     D:3: 1001 daAuts
